 Dungeon Crawl Stone Soup version 0.31.0-1-g2c135a0 (webtiles) character file.

Game seed: 6316657563051751614

23867 haze the Bludgeoner (level 12, -5/115 HPs)
             Began as a Minotaur Berserker on Apr 2, 2024.
             Was a High Priest of Trog.
             Slain by a bunyip (6 damage)
             ... on level 2 of the Swamp on Apr 4, 2024.
             The game lasted 00:58:44 (15059 turns).

haze the Bludgeoner (Minotaur Berserker)           Turns: 15059, Time: 00:58:45

Health: -5/115     AC: 19    Str: 39    XL:     12   Next: 75%
Magic:  11/11      EV: 12    Int:  4    God:    Trog [*****.]
Gold:   606        SH:  0    Dex: 10    Spells: 11/11 levels left

rFire   . . .        s - +3 great mace
rCold   . . .        (shield currently unavailable)
rNeg    . . .        t - +1 chain mail
rPois   .            (helmet restricted)
rElec   .            (no cloak)
rCorr   .            K - +2 pair of gloves
SInv    .            L - +0 pair of boots
Will    .....        b - amulet of the acrobat
Stlth   x              - +6 ring of strength
HPRegen 0.39/turn    Y - +6 ring of strength
MPRegen 0.12/turn

%: random rage (3%), acrobat
@: no status effects
A: horns 2, retaliatory headbutt, talons 1, berserk 1, passive freeze, inability
to drink after injury 1, MP-powered wands
a: Renounce Religion, Berserk, Trog's Hand, Brothers in Arms


You were on level 2 of the Swamp.
You worshipped Trog.
Trog was extremely pleased with you.
You visited 4 branches of the dungeon, and saw 14 of its levels.

You collected 878 gold pieces.
You spent 272 gold pieces at shops.

Inventory:

Hand Weapons
 m - a +0 quarterstaff of freezing
 p - a +1 dire flail of protection
 s - a +3 great mace (weapon)
 y - the +8 trident "Asoggul" {venom, ^Fragile Fly rC+ Int+3 Dex+7}
   (You found it on level 2 of the Lair of Beasts)

   Int+3:     It affects your intelligence (+3).
   Dex+7:     It affects your dexterity (+7).
   rC+:       It protects you from cold.
   Fly:       It grants you flight.
   ^Fragile:  It will be destroyed if unequipped.
 D - a +2 halberd
 R - a +1 dire flail
Missiles
 g - 5 javelins (quivered)
 l - 20 poisoned darts
 r - 128 stones
 z - 16 boomerangs
 X - 10 darts of dispersal
Armour
 t - a +1 chain mail (worn)
 K - a +2 pair of gloves (worn)
 L - a +0 pair of boots (worn)
Jewellery
 a - a ring of fire
 b - an amulet of the acrobat (around neck)
 e - a ring of ice
 u - a ring of willpower
 x - a +6 ring of strength (left hand)
 M - a ring of magical power
 Y - a +6 ring of strength (right hand)
Talismans
 h - a serpent talisman
 U - a beast talisman
Wands
 d - a wand of paralysis (8)
 j - a wand of polymorph (9)
 C - a wand of roots (11)
 S - a wand of flame (5)
Scrolls
 f - a scroll of blinking
 k - 6 scrolls of identify
 o - 8 scrolls of fog
 v - a scroll of poison
 w - 11 scrolls of teleportation
 A - a scroll of vulnerability
 B - a scroll of immolation
 F - a scroll of torment
 G - a scroll of revelation
 H - 2 scrolls of noise
 Q - 2 scrolls of amnesia
Potions
 c - 2 potions of curing
 i - a potion of ambrosia
 n - a potion of invisibility
 q - 5 potions of haste
 E - a potion of enlightenment
 I - 3 potions of mutation
 J - 2 potions of brilliance
 O - a potion of magic
 T - 2 potions of lignification
 W - 2 potions of attraction
Miscellaneous
 N - a phantom mirror


   Skills:
 + Level 13.0 Fighting
 + Level 16.6 Maces & Flails
 + Level 13.6 Armour
 + Level 6.4 Dodging
 + Level 3.1 Stealth


You had 11 spell levels left.
You didn't know any spells.
Your spell library contained the following spells:

 Spells                   Type           Power      Damage    Failure   Level
 Apportation              Tloc           0%         N/A       78%         1
 Freeze                   Ice            0%         1d3       78%         1
 Necrotise                Necr           0%         1d4       78%         1
 Sting                    Conj/Alch      0%         1d3       78%         1
 Summon Small Mammal      Summ           0%         N/A       78%         1
 Frozen Ramparts          Ice            0%         1d1       98%         3
 Fugue of the Fallen      Necr           0%         N/A       98%         3
 Hailstorm                Conj/Ice       0%         3d5       98%         3
 Inner Flame              Hex/Fire       0%         N/A       98%         3
 Ozocubu's Armour         Ice            0%         N/A       98%         3
 Stone Arrow              Conj/Erth      0%         3d7       98%         3
 Vampiric Draining        Necr           0%         2d6       98%         3
 Animate Dead             Necr           0%         N/A       100%        4
 Brom's Barrelling Bould  Conj/Erth      0%         2d3       100%        4
 Manifold Assault         Tloc           0%         N/A       100%        4
 Martyr's Knell           Necr/Summ      0%         N/A       100%        4
 Petrify                  Alch/Erth      0%         N/A       100%        4
 Sticky Flame             Fire/Alch      0%         2d4       100%        4
 Alistair's Intoxication  Alch           0%         N/A       100%        5
 Borgnjor's Vile Clutch   Necr/Erth      0%         N/A       100%        5
 Curse of Agony           Necr           0%         N/A       100%        5
 Fireball                 Conj/Fire      0%         3d3       100%        5
 Iskenderun's Battlesphe  Conj           0%         2d6       100%        5
 Lee's Rapid Deconstruct  Erth           0%         3d4*      100%        5
 Metabolic Englaciation   Hex/Ice        0%         N/A       100%        5
 Conjure Ball Lightning   Conj/Air       0%         3x3d6     100%        6
 Death Channel            Necr           0%         N/A       100%        6
 Eringya's Noxious Bog    Alch           0%         4d6       100%        6
 Haunt                    Necr/Summ      0%         N/A       100%        7
 Orb of Destruction       Conj           0%         9d5       100%        7
 Infestation              Necr           0%         N/A       100%        8


Dungeon Overview and Level Annotations

Branches:
Dungeon (9/15)             Temple (1/1) D:4            Lair (2/5) D:9
  Swamp (2/4) Lair:2
  Snake: Lair:2-3    Spider: Lair:2-3       Orc: D:9-12

Altars:
Ashenzari
Cheibriados
Dithmenos
Fedhas
Gozag
Hepliaklqana
Kikubaaqudgha
Makhleb
Nemelex Xobeh
Okawaru
Qazlal
Ru
Sif Muna
Trog
Uskayaw
Vehumet
Wu Jian
Xom
Yredelemnul
Zin
The Shining One

Shops:
D:8 *:[


Innate Abilities, Weirdness & Mutations

You have a pair of horns on your head.
You reflexively headbutt those who attack you in melee.
You have sharp toenails.
You sometimes lose your temper in combat.
A frigid envelope surrounds you and freezes all who hurt you.
You occasionally lose the ability to drink potions when taking damage.
You expend magic power (3 MP) to strengthen your wands.


Message History

The alligator is engulfed in spectral mist.
The alligator tail-slaps you but does no damage.
The alligator is very cold.
The alligator seems to slow down.
The alligator is almost dead.
The alligator bites you but does no damage.
Hit: s) +3 great mace
Press: ? - help, Dir - move target, f - alligator
Aim: an alligator (spectral mist, almost dead, slow, about 29% to evade your +3 great mace)
Okay, then.
You bludgeon the alligator!!
You kill the alligator!
Trog accepts your kill.
You are engulfed in spectral mist.
The bunyip is engulfed in spectral mist.
The spriggan druid is engulfed in spectral mist.
You bludgeon the spriggan druid!!
The spriggan druid is almost dead.
You are engulfed in spectral mist.
A tree reaches out and hits you!
The bunyip is engulfed in spectral mist.
You barely miss the spriggan druid.
The spriggan druid is almost dead.
You are engulfed in spectral mist.
A tree reaches out and hits you!
* * * LOW HITPOINT WARNING * * *
The bunyip is engulfed in spectral mist.
The spriggan druid is engulfed in spectral mist.
With its final breath, the spriggan druid offers up its power to the beasts of the wild!
The bunyip is healed.
The bunyip seems to grow more fierce.
The spriggan druid dies!
You hear a splash. x2
The forest abruptly stops moving.
Your Fighting skill increases to level 13!
You feel better.
You are engulfed in spectral mist.
The bunyip is engulfed in spectral mist.
The bunyip misses you. You furiously retaliate!
You headbutt the bunyip. The bunyip claws you!!!
* * * LOW HITPOINT WARNING * * *
The bunyip is very cold.
The bunyip is lightly wounded.
The bunyip claws you.
You die...

♣♣~.~§~...~~~.♣
.~~.......~~~.♣
~...~~.......♣
..~..~§<....♣
~..........♣♣♣♣♣ .
.~~....~§~.~...♣♣♣.~
~~~~~~~~~~.○.~~~..~~
~~~~~§~.~~.○x☼~~~~~~
~~~~~~..§.○@ZZ...~~~
......~~~♣♣°♣'#♣♣#♣#
~.~..~.♣.~♣♣#°#
.~..~~~♣♣ §# .....♣
§# .... Z# t# .#


You could see a bunyip (strong) and 2 spectral spriggan air magi.

Vanquished Creatures
  The ghost of Caterwaul the Brawler, an adept TrSh of Wu Jian (Swamp:1)
  2 bunyips (Swamp:1)
  Fannar (Lair:1)
  A hydra (Lair:2)
  The ghost of mushindo the Thaumaturge, a journeyman GnWr (Lair:1)
  2 alligators
  2 two-headed ogres (D:9)
  A goliath frog (Swamp:1)
  A bog body (Swamp:1)
  Pikel (D:8)
  3 elephants (Lair:2)
  2 black mambas (Lair:2)
  6 cane toads
  A torpor snail (Lair:1)
  A rime drake (Lair:2)
  6 komodo dragons
  A hornet (D:7)
  A tyrant leech (Swamp:1)
  16 yaks
  3 wyverns (D:9)
  2 steam dragons
  A basilisk (Lair:1)
  6 vampire mosquitoes
  An acid dragon (D:9)
  Edmund (D:5)
  A swamp worm (Swamp:1)
  Duvessa (D:6)
  7 water moccasins
  2 ice beasts
  2 sky beasts
  3 black bears
  2 orc warriors (D:9)
  An ogre (D:4)
  4 wolves (Lair:2)
  6 centaurs
  3 phantoms
  4 kobold brigands (D:9)
  2 lemures (D:8)
  5 bullfrogs
  2 scorpions
  14 wights
  Dowan (D:6)
  7 killer bees
  3 bombardier beetles
  7 howler monkeys
  3 orc priests
  A hound (D:4)
  A gnoll bouda (D:8)
  3 iguanas
  A sleepcap (D:7)
  6 orc wizards
  Ijyb (D:4)
  Robin (D:4)
  5 gnolls (D:8)
  11 adders
  A shadow imp (D:7)
  2 ufetubi (D:6)
  5 dart slugs
  2 ribbon worms
  31 orcs
  9 endoplasms
  3 giant cockroaches
  8 goblins
  6 hobgoblins
  4 jackals
  5 quokkas
  7 ball pythons
  6 bats
  2 frilled lizards
  10 kobolds
  8 rats
283 creatures vanquished.

Vanquished Creatures (others)
  A spriggan druid (Swamp:2)
1 creature vanquished.

Grand Total: 284 creatures vanquished

Notes
Turn   | Place    | Note
-------+----------+-------------------------------------------
     0 | D:1      | haze the Minotaur Berserker began the quest for the Orb.
     0 | D:1      | Reached XP level 1. HP: 19/19 MP: 0/0
   603 | D:1      | Reached XP level 2. HP: 21/27 MP: 1/1
   641 | D:1      | Reached skill level 4 in Maces & Flails
   728 | D:1      | Found a faded altar of an unknown god.
  1299 | D:1      | Reached XP level 3. HP: 33/33 MP: 2/2
  1739 | D:2      | Reached ** piety under Trog
  2362 | D:2      | Reached skill level 5 in Maces & Flails
  2602 | D:2      | Reached XP level 4. HP: 9/40 MP: 3/3
  3942 | D:3      | Reached XP level 5. HP: 46/47 MP: 4/4
  4042 | D:3      | Found a broken altar of Ashenzari.
  4059 | D:3      | Reached skill level 6 in Maces & Flails
  4655 | D:4      | Noticed a phantom
  4677 | D:4      | Killed a phantom
  4685 | D:4      | Reached XP level 6. HP: 41/55 MP: 5/5
  4690 | D:4      | Reached skill level 1 in Stealth
  4691 | D:4      | Reached skill level 5 in Fighting
  4716 | D:4      | Reached *** piety under Trog
  4972 | D:4      | Found a staircase to the Ecumenical Temple.
  5010 | D:4      | Gained mutation: You have hidden genetic defects. [potion
                  | of mutation]
  5010 | D:4      | Gained mutation: You expend magic power (3 MP) to
                  | strengthen your wands. [potion of mutation]
  5010 | D:4      | Gained mutation: You have sharp toenails. [potion of
                  | mutation]
  5010 | D:4      | Gained mutation: A frigid envelope surrounds you and
                  | freezes all who hurt you. [potion of mutation]
  5020 | D:4      | Reached skill level 7 in Maces & Flails
  5093 | D:4      | Noticed Ijyb
  5102 | D:4      | Killed Ijyb
  5112 | D:4      | Reached XP level 7. HP: 55/61 MP: 6/6
  5133 | D:4      | Noticed Robin
  5137 | D:4      | Killed Robin
  5158 | D:4      | Gained mutation: You sometimes lose your temper in combat.
                  | [hidden defects]
  5193 | D:4      | Found a stormy altar of Qazlal.
  5396 | Temple   | Entered the Ecumenical Temple
  5477 | D:5      | Entered Level 5 of the Dungeon
  5635 | D:5      | Reached skill level 5 in Armour
  5636 | D:5      | Gained mutation: You occasionally lose the ability to drink
                  | potions when taking damage. [hidden defects]
  5636 | D:5      | Lost mutation: You have hidden genetic defects. [hidden
                  | defects expressed]
  5816 | D:5      | Identified the +4 chain mail of Death's Door {rPois Dex+7
                  | Stlth+}
  5829 | D:5      | Noticed Edmund
  5834 | D:5      | Reached skill level 8 in Maces & Flails
  5836 | D:5      | Killed Edmund
  6149 | D:6      | Noticed Duvessa
  6149 | D:6      | Noticed Dowan
  6156 | D:6      | Killed Duvessa
  6157 | D:6      | Reached XP level 8. HP: 70/70 MP: 7/7
  6166 | D:6      | Killed Dowan
  6469 | D:6      | Reached **** piety under Trog
  6501 | D:6      | Found a blossoming altar of Fedhas.
  6502 | D:6      | Found an ancient bone altar of Kikubaaqudgha.
  6503 | D:6      | Found a shimmering blue altar of Sif Muna.
  6607 | D:6      | Reached skill level 9 in Maces & Flails
  6870 | D:6      | Got the Incunabulum of Blistering Chilblains
  7517 | D:7      | Noticed a hornet
  7524 | D:7      | Killed a hornet
  7525 | D:7      | Reached skill level 10 in Maces & Flails
  7572 | D:7      | Reached XP level 9. HP: 68/79 MP: 8/8
  8416 | D:8      | Found Fiygg's Book Shop.
  8437 | D:8      | Found Qerihir's Armour Boutique.
  8437 | D:8      | Noticed an animated gold dragon scales
  8437 | D:8      | Noticed an animated shadow dragon scales
  8504 | D:8      | Reached skill level 11 in Maces & Flails
  8553 | D:8      | Bought a +2 pair of gloves for 214 gold pieces
  8553 | D:8      | Bought a +0 pair of boots for 58 gold pieces
  8648 | D:8      | Noticed Pikel
  8669 | D:8      | Killed Pikel
  8707 | D:8      | Reached skill level 12 in Maces & Flails
  8707 | D:8      | Reached XP level 10. HP: 49/88 MP: 9/9
  8931 | D:8      | Found Wuihet's Assorted Antiques.
  9555 | D:9      | Noticed a two-headed ogre
  9559 | D:9      | Killed a two-headed ogre
  9571 | D:9      | Reached skill level 10 in Armour
  9748 | D:9      | Reached skill level 13 in Maces & Flails
  9748 | D:9      | Reached skill level 5 in Dodging
  9774 | D:9      | Reached ***** piety under Trog
 10386 | D:9      | Reached XP level 11. HP: 72/99 MP: 10/10
 10577 | D:9      | Found a staircase to the Lair.
 10801 | D:9      | Reached skill level 10 in Fighting
 10805 | D:9      | Reached skill level 14 in Maces & Flails
 10806 | D:9      | Noticed a two-headed ogre
 10817 | D:9      | Killed a two-headed ogre
 11160 | Lair:1   | Entered Level 1 of the Lair of Beasts
 11780 | Lair:1   | Noticed Fannar
 11801 | Lair:1   | Killed Fannar
 11850 | Lair:1   | Noticed mushindo's ghost (journeyman GnWr)
 11867 | Lair:1   | Found a runed translucent gate.
 11867 | Lair:1   | Found a runed translucent gate.
 11869 | Lair:1   | Found a runed translucent gate.
 11922 | Lair:1   | Killed mushindo's ghost
 12129 | Lair:1   | Received a gift from Trog
 12130 | Lair:1   | Reached skill level 15 in Maces & Flails
 12861 | Lair:2   | Identified the +8 trident "Asoggul" {venom, ^Fragile Fly
                  | rC+ Int+3 Dex+7}
 12940 | Lair:2   | Reached XP level 12. HP: 63/111 MP: 11/11
 13084 | Lair:2   | Found a staircase to the Swamp.
 13299 | Lair:2   | Noticed a six-headed hydra
 13304 | Lair:2   | Killed a six-headed hydra
 13964 | Swamp:1  | Entered Level 1 of the Swamp
 13964 | Swamp:1  | Noticed a bunyip
 13976 | Swamp:1  | Killed a bunyip
 14142 | Swamp:1  | Noticed an alligator
 14146 | Swamp:1  | Killed an alligator
 14147 | Swamp:1  | Reached skill level 16 in Maces & Flails
 14472 | Swamp:1  | Found a runed translucent gate.
 14472 | Swamp:1  | Found a runed translucent gate.
 14472 | Swamp:1  | Found a runed translucent gate.
 14474 | Swamp:1  | Noticed Caterwaul's ghost (adept TrSh)
 14602 | Swamp:1  | Noticed a bunyip
 14606 | Swamp:1  | Killed a bunyip
 14719 | Swamp:1  | Killed Caterwaul's ghost
 14743 | Swamp:1  | Got the Tome of Vile Terrain
 15047 | Swamp:2  | Noticed an alligator
 15047 | Swamp:2  | Found a runed translucent door.
 15052 | Swamp:2  | Noticed a ghost crab
 15052 | Swamp:2  | Noticed a bunyip
 15056 | Swamp:2  | Killed an alligator
 15059 | Swamp:2  | HP: 1/115 [bunyip (37)]
 15059 | Swamp:2  | Slain by a bunyip

Illustrated notes

Levels and vault maps discovered:
D:1:      minmay_arrival_glassed_features, layout_basic,
          dreamdust_ecumenical_altar_angels_and_demons, amethyst_killhole,
          minmay_split_cup_small
D:2:      layout_loops_corners, hangedman_glass_teeth
D:3:      layout_loops_ring, mainiacjoe_overflow_six_doors_small,
          serial_bayou_pond_b
D:4:      layout_rooms, lemuel_tele_altar, temple_fountains, nicolae_goblin_pals
D:5:      layout_basic, serial_shops, shop, kennysheep_pointless_box,
          uniq_edmund
D:6:      layout_loops_corners, nicolae_overflow_hidden_temple, uniq_duvessa
D:7:      layout_basic, chequers_serial_rivers_small_b
D:8:      layout_loops_ring, serial_shops, nicolae_inconvenience_store, shop,
          nicolae_shop_mannequins, uniq_pikel
D:9:      minmay_razor_zed, layout_basic, david_lair_shrubbed
Temple:   eino_temple_rhombus
Lair:1:   layout_roguey, gammafunk_ghost_split, uniq_fannar
Lair:2:   wad_woods_structure_01, layout_regular_city, minmay_swamp_entry_swarm,
          lemuel_fruit_tree
Swamp:1:  layout_basic_swamp, ebering_ghost_rock_garden, nicolae_swamp_treefoil,
          swamp_pool_1_2, nicolae_swamp_decorative_isthmus
Swamp:2:  gammafunk_mikee_crab_dinner, layout_basic_swamp,
          nicolae_swamp_trees_clearing

Skill      XL: |  1  2  3  4  5  6  7  8  9 10 11 12 |
---------------+-------------------------------------+-----
Maces & Flails | 4 5 6 7 8 10 12 13 15 16 | 16.6
Fighting       | 4 5 6 7 8 9 11 13 | 13.0
Armour         | 3 4 5 7 9 10 12 13 | 13.6
Dodging        | 3 4 5 6 |  6.4
Stealth        | 1 2 3 |  3.1

Action                     |  1- 3 |  4- 6 |  7- 9 | 10-12 || total
---------------------------+-------+-------+-------+-------++-------
  Melee: Mace              |    70 |    95 |       |       ||   165
         Headbutt          |    11 |    10 |    21 |    70 ||   112
         Punch             |       |     2 |       |       ||     2
         Morningstar       |       |    24 |    42 |       ||    66
         Kick              |       |     3 |    31 |       ||    34
         Dire flail        |       |       |   122 |   246 ||   368
         Great mace        |       |       |       |    96 ||    96
    Use: Potion            |       |     8 |       |     7 ||    15
         Scroll            |       |     8 |       |     5 ||    13
 Armour: Animal skin       |    42 |     4 |       |       ||    46
         Chain mail        |       |    85 |   111 |   223 ||   419
         Skin              |       |     6 |       |       ||     6
  Dodge: Dodged            |    53 |    71 |   119 |   236 ||   479
